 Dungeon Crawl Stone Soup version 0.23.0-3-gf3c87f2df8 (webtiles) character file.

Game seed: 5268066106314077186

441 mhilhors the Chiller (level 6, -11/45 HPs)
             Began as a Draconian Ice Elementalist on Feb 23, 2019.
             Was an Initiate of Vehumet.
             Mangled by an ogre
             ... wielding a +0 giant club
              (16 damage)
             ... on level 4 of the Dungeon.
             The game lasted 00:12:30 (5006 turns).

mhilhors the Chiller (Draconian Ice Elementalist)   Turns: 5006, Time: 00:12:30

Health: -11/45     AC:  6    Str: 11    XL:     6   Next: 70%
Magic:  9/12       EV: 12    Int: 17    God:    Vehumet [......]
Gold:   170        SH:  0    Dex: 11    Spells: 8/13 levels left

rFire    . . .     SeeInvis .   a - +3 short sword
rCold    . . .     Gourm    .   (no shield)
rNeg     . . .     Faith    .   (armour unavailable)
rPois    .         Spirit   .   (helmet restricted)
rElec    .         Reflect  .   (no cloak)
rCorr    .         Harm     .   (no gloves)
MR       .....                  (no boots)
Stlth    ++........             (no amulet)
HPRegen  0.15/turn              (no ring)
MPRegen  0.13/turn              (no ring)

@: no status effects
A: unfitting armour, cold-blooded, AC +6
a: Renounce Religion


You were on level 4 of the Dungeon.
You worshipped Vehumet.
Vehumet was noncommittal.
You were not hungry.

You visited 1 branch of the dungeon, and saw 4 of its levels.

You collected 170 gold pieces.

Inventory:

Hand Weapons
 a - a +3 short sword (weapon)
 l - a +1 short sword
Missiles
 i - 35 stones (quivered)
Wands
 k - a wand of acid (15)
Scrolls
 d - a scroll of teleportation {unknown}
 e - a scroll of immolation
 f - 5 scrolls of identify
 h - a scroll of noise {unknown}
 n - a scroll of remove curse
Potions
 c - a potion of ambrosia
 j - a potion of lignification
 m - 2 potions of heal wounds {unknown}
Comestibles
 b - 6 rations
 g - 3 chunks of flesh


   Skills:
 - Level 1.7 Dodging
 - Level 1.7 Stealth
 - Level 4.4 Spellcasting
   Level 1.0 Conjurations
 * Level 2.3 Summonings
 + Level 5.6 Ice Magic


You had 8 spell levels left.
You knew the following spells:

 Your Spells              Type           Power        Failure   Level  Hunger
a - Freeze                Ice            ###.         1%          1    None
b - Summon Ice Beast      Ice/Summ       ###.....     30%         4    ####...

Your spell library contained the following spells:

 Spells                   Type           Power        Failure   Level  Hunger
 Throw Frost              Conj/Ice       ###...       6%          2    ##.....
 Ozocubu's Armour         Chrm/Ice       ##......     14%         3    ###....
 Throw Icicle             Conj/Ice       ###.....     36%         4    ####...


Dungeon Overview and Level Annotations

Branches:
Dungeon (4/15)
 Temple: D:4-7

Altars:
Ashenzari
Hepliaklqana
Vehumet
Beogh

Annotations:
D:3 3 runed translucent doors, terminal's ghost, amateur DECj


Innate Abilities, Weirdness & Mutations

Your plain brown scales are hard. (AC +6)
You cannot fit into any form of body armour.
You are cold-blooded and may be slowed by cold attacks.


Message History

The leopard gecko is almost dead.
The leopard gecko closely misses you.
You barely miss the leopard gecko.
The leopard gecko is almost dead.
The leopard gecko misses you.
You hit the leopard gecko.
You kill the leopard gecko!
Vehumet accepts your kill.
A worker ant comes into view.
The ogre hits you with a +0 giant club!!
Ouch! That really hurt!
Casting: Freeze (safe; 1% risk of failure)
Confirm with . or Enter, or press ? or * to list all spells.
A chill wind blows around you.
Your ice beast barely misses the ogre.
The ogre hits you with a +0 giant club!
* * * LOW HITPOINT WARNING * * *
Your ice beast barely misses the ogre.
The ogre hits you with a +0 giant club!
You die...

######## #......#
#.########......##### #.
#.#.Y.O@.'..........# #.
#.#.######..........# #.
#.#.#<.).)..........# #.
#.#Y######..........# .###.
#.#......#......#.#.#
.....#####.######.########.#.#
......†.................>#.#.#
.##...####.####..........#.#.#
##...# #.# #..........#.#.#


You could see an ogre and a friendly ice beast.

Vanquished Creatures
  Sigmund (D:2)
  A centaur zombie (D:3)
  A worker ant (D:4)
  4 gnolls
  A howler monkey skeleton (D:4)
  9 adders
  An ooze (D:2)
  3 worms
  3 dart slugs
  4 leopard geckos
  2 orcs (D:3)
  2 bats
  5 giant cockroaches
  8 goblins
  6 hobgoblins
  9 jackals
  2 quokkas
  5 frilled lizards
  7 kobolds
  7 rats
81 creatures vanquished.

Notes
Turn   | Place    | Note
-------+----------+-------------------------------------------
     0 | D:1      | mhilhors the Draconian Ice Elementalist began the quest for
                  | the Orb.
     0 | D:1      | Reached XP level 1. HP: 14/14 MP: 3/3
   402 | D:1      | Reached XP level 2. HP: 20/20 MP: 0/5
  1144 | D:2      | Noticed Sigmund
  1753 | D:2      | Reached XP level 3. HP: 21/26 MP: 0/7
  2343 | D:2      | Reached skill level 4 in Ice Magic
  2502 | D:2      | Reached XP level 4. HP: 33/33 MP: 8/8
  2517 | D:2      | Found a faded altar of an unknown god.
  2715 | D:2      | Killed Sigmund
  2715 | D:2      | Reached skill level 5 in Ice Magic
  2715 | D:2      | Reached XP level 5. HP: 21/38 MP: 8/11
  3276 | D:3      | Reached XP level 6. HP: 35/45 MP: 9/12
  3503 | D:3      | Learned a level 4 spell: Summon Ice Beast
  3778 | D:3      | Found a shattered altar of Ashenzari.
  3804 | D:3      | Reached skill level 1 in Summonings
  3850 | D:3      | Found a runed translucent gate.
  3851 | D:3      | Found a runed translucent gate.
  3852 | D:3      | Found a runed translucent gate.
  3854 | D:3      | Noticed terminal's ghost (amateur DECj)
  3858 | D:3      | Found a roughly hewn altar of Beogh.
  4122 | D:3      | Found a hazy altar of Hepliaklqana.
  4152 | D:3      | Found a radiant altar of Vehumet.
  4156 | D:3      | Became a worshipper of Vehumet
  5006 | D:4      | Mangled by an ogre

Skill      XL: |  1  2  3  4  5  6 |
---------------+-------------------+-----
Spellcasting   | 3 4 |  4.4
Ice Magic      | 4 5 |  5.6
Summonings     | 2 |  2.3
Dodging        | |  1.7
Stealth        | |  1.7
Conjurations   | |  1.0

Action                   |  1- 3 |  4- 6 || total
-------------------------+-------+-------++-------
Melee: Dagger            |    33 |    34 ||    67
       Tailslap          |     7 |     8 ||    15
       Short sword       |    38 |    80 ||   118
Throw: Stone             |     4 |     1 ||     5
 Cast: Freeze            |    47 |    54 ||   101
       Summon Ice Beast  |       |     1 ||     1
Evoke: Wand              |       |     4 ||     4
  Use: Scroll            |       |     7 ||     7
 Stab: Sleeping          |     2 |       ||     2
  Eat: Chunk             |     5 |     8 ||    13
Armor: Skin              |    21 |    53 ||    74
Dodge: Dodged            |    62 |    98 ||   160
